 Dungeon Crawl Stone Soup version 0.27.1-3-gb3d3a73c9e (webtiles) character file.

Game seed: 18214304521069456595

684 ABBCCCDDDD the Sneak (level 7, 0/48 HPs)
             Began as an Octopode Enchanter on Oct 9, 2021.
             Killed by divine providence
             ... invoked by an orc priest
              (12 damage)
             ... on level 5 of the Dungeon.
             The game lasted 00:08:25 (6373 turns).

ABBCCCDDDD the Sneak (Octopode Enchanter)           Turns: 6373, Time: 00:08:26

Health: 0/48       AC:  1    Str:  7    XL:     7   Next: 62%
Magic:  10/10      EV: 13    Int: 19    God:
Gold:   156        SH:  0    Dex: 13    Spells: 3/10 levels left

rFire    . . .     SeeInvis .   g - +1 short sword (venom)
rCold    . . .     Faith    .   (no shield)
rNeg     . . .     Spirit   .   (helmet restricted)
rPois    .         Reflect  .   (no amulet)
rElec    .         Harm     .   (no ring)
rCorr    .         Rampage  .   (no ring)
Will     .....                  (no ring)
Stlth    ++++......             (no ring)
HPRegen  0.16/turn              (no ring)
MPRegen  0.12/turn              (no ring)
                                (no ring)
                                (no ring)

@: no status effects
A: almost no armour, amphibious, 8 rings, camouflage 1, gelatinous body 1,
(nimble swimmer 1), tentacles
a: no special abilities


You were on level 5 of the Dungeon.
You visited 1 branch of the dungeon, and saw 5 of its levels.

You collected 156 gold pieces.

Inventory:

Hand Weapons
 a - a +1 dagger
 g - a +1 short sword of venom (weapon)
Missiles
 c - 3 curare-tipped darts
Scrolls
 e - 2 scrolls of immolation
 f - 2 scrolls of amnesia
 j - 2 scrolls of fear
 k - a scroll of magic mapping {unknown}
 l - a scroll of identify
 p - a scroll of noise {unknown}
 q - a scroll of teleportation {unknown}
 r - a scroll of enchant armour {unknown}
Potions
 b - a potion of might
 d - a potion of haste {unknown}
 h - 3 potions of brilliance {unknown}
 i - a potion of cancellation {unknown}
 m - a potion of lignification {unknown}
 n - 2 potions of curing {unknown}
 o - a potion of degeneration {unknown}


   Skills:
 + Level 4.1 Fighting
 - Level 2.0 Short Blades
 - Level 2.0 Dodging
 - Level 6.0 Stealth
 - Level 2.0 Spellcasting
 + Level 5.2 Hexes
 - Level 2.0 Ice Magic
 + Level 3.3 Poison Magic


You had 3 spell levels left.
You knew the following spells:

 Your Spells              Type           Power      Damage    Failure   Level
a - Corona                Hex            23%        N/A       1%          1
b - Ensorcelled Hibernat  Hex/Ice        30%        N/A       6%          2
c - Olgreb's Toxic Radia  Pois           14%        N/A       41%         4

Your spell library contained the following spells:

 Spells                   Type           Power      Damage    Failure   Level
 Confusing Touch          Hex            21%        N/A       6%          3
 Tukima's Dance           Hex            21%        N/A       6%          3
 Sting                    Tmut/Pois      32%        1d4       9%          1
 Poisonous Vapours        Pois/Air       16%        N/A       13%         2
 Dazzling Flash           Conj/Hex       22%        N/A       17%         3
 Gell's Gravitas          Tloc           0%         N/A       45%         3
 Lesser Beckoning         Tloc           0%         N/A       45%         3
 Teleport Other           Tloc           1%         N/A       45%         3


Dungeon Overview and Level Annotations

Branches:
Dungeon (5/15)
 Temple: D:4-7

Altars:
Qazlal
Trog
Uskayaw
Vehumet
Beogh

Shops:
D:1 :

Annotations:
D:4 3 runed translucent doors, exclusion: downstairs, Ijyb; othur's ghost, amateur GrFi


Innate Abilities, Weirdness & Mutations

You cannot wear most types of armour.
You are amphibious.
You can wear up to eight rings at the same time.
Your skin changes colour to match your surroundings (Stealth+).
Your rubbery body absorbs attacks. (AC +1, EV +1)
((You are camouflaged near water. (Stealth+)))
You have tentacles for arms and can constrict up to eight enemies at once.


Message History

The orc wizard hits you with a +0 dagger.
The orc wizard hits you with a +0 dagger.
The orc priest hits you with a +0 club.
In your confused state, you trip and fall back down the stairs.
You feel less confused. The orc hits you with a +0 flail!
The orc wizard closely misses you. The orc priest hits you with a +0 club.
You aren't carrying any items that you can evoke.
Unknown command.
Okay, then.
You hit the orc wizard but do no damage.
The orc wizard is poisoned.
Your grab misses the orc wizard. You hit the orc wizard.
The orc wizard looks even sicker.
You grab the orc wizard.
The orc wizard is moderately wounded.
You constrict the orc wizard, but do no damage.
The orc wizard hits you with a +0 dagger.
You hit the orc wizard.
The orc wizard looks as sick as possible!
The orc wizard is heavily wounded.
You constrict the orc wizard. The orc wizard completely misses you.
The orc completely misses you.
You hit the orc wizard.
The orc wizard is almost dead.
You constrict the orc wizard.
You kill the orc wizard!
The orc closely misses you.
You closely miss the orc priest. You grab the orc priest.
You squeeze the orc priest, but do no damage.
You constrict the orc priest, but do no damage.
The orc priest hits you with a +0 club!
* * * LOW HITPOINT WARNING * * *
The orc hits you with a +0 flail.
* * * LOW HITPOINT WARNING * * *
You release your grip on the orc priest.
There is a stone staircase leading down here.
The orc priest begins to cast a cantrip, but forgets the words!
The orc priest invokes the aid of Beogh against you.
Beogh smites you!
You die...

o.# ##.###..<..#
..######..#...#..#
.............>...#
..####.......#####
..[..........# ##
.....##.##.#o####.##
........##......#..##
.....####.....o.....#
....## #........@.#..#
≈....###..........####
≈...............<...#
§.#..###..........#..#
§§#....#..........##....
§§#..#..................
§ ##.####.........#####.
. #.# #..........# ..#
#............#


You could see an orc priest and an orc.

Levels and vault maps discovered:
D:1:      minmay_arrival_glassed_features, layout_basic, serial_shops, shop,
          chequers_ecumenical_altar_twisty
D:2:      layout_loops_ring, minmay_liquid_box, chequers_serial_rivers_room_a
D:3:      cheibrodos_old_hovel, layout_basic, lemuel_round_altar,
          mainiacjoe_overflow_tiny_flanked, mainiacjoe_overflow_paths
D:4:      kennysheep_spiral_hall, layout_cave_pools, biasface_ghost_orc_armoury,
          uniq_edmund, uniq_ijyb, uniq_blork_the_orc
D:5:      kennysheep_big_flooded_room, layout_rooms,
          mainiacjoe_overflow_catch_the_wave,
          nicolae_gozag_cash_rules_everything_around_me,
          chequers_temple_overflow_statue_of_worship, serial_shops,
          nicolae_shop_stone, uniq_crazy_yiuf_cottage, uniq_sigmund

Notes
Turn   | Place    | Note
-------+----------+-------------------------------------------
     0 | D:1      | ABBCCCDDDD the Octopode Enchanter began the quest for the
                  | Orb.
     0 | D:1      | Reached XP level 1. HP: 11/11 MP: 3/3
   210 | D:1      | Reached XP level 2. HP: 15/18 MP: 5/5
   547 | D:1      | Found Woanyxaq's Book Shop.
   558 | D:1      | Reached skill level 1 in Fighting
   995 | D:1      | Reached XP level 3. HP: 10/23 MP: 6/6
  1381 | D:1      | Found a faded altar of an unknown god.
  1953 | D:1      | Reached skill level 5 in Stealth
  1953 | D:1      | Reached XP level 4. HP: 12/29 MP: 7/7
  3104 | D:2      | Learned a level 2 spell: Ensorcelled Hibernation
  3371 | D:2      | Reached XP level 5. HP: 25/34 MP: 8/8
  3866 | D:3      | Noticed a kobold brigand
  3880 | D:3      | Killed a kobold brigand
  3881 | D:3      | Reached skill level 6 in Stealth
  3881 | D:3      | Reached skill level 1 in Ice Magic
  3996 | D:3      | Reached XP level 6. HP: 41/41 MP: 9/9
  4019 | D:3      | Found a bloodstained altar of Trog.
  4038 | D:3      | Found a radiant altar of Vehumet.
  4090 | D:3      | Learned a level 4 spell: Olgreb's Toxic Radiance
  4093 | D:3      | Found a hide-covered altar of Uskayaw.
  4685 | D:4      | Noticed Edmund
  4685 | D:4      | Noticed Ijyb
  4819 | D:4      | Reached skill level 1 in Poison Magic
  5324 | D:5      | Entered Level 5 of the Dungeon
  5324 | D:5      | Noticed a yak
  5324 | D:5      | Noticed a yak
  5324 | D:5      | Noticed a yak
  5324 | D:5      | Noticed a yak
  5513 | D:3      | Killed Edmund
  5514 | D:3      | Reached XP level 7. HP: 26/46 MP: 4/10
  5701 | D:4      | Found a runed translucent gate.
  5702 | D:4      | Found a runed translucent gate.
  5703 | D:4      | Found a runed translucent gate.
  5704 | D:4      | Noticed othur's ghost (amateur GrFi)
  5704 | D:4      | Identified the +5 chain mail "Jihur" {rCorr Stlth+}
  5720 | D:4      | Identified the +2 leather armour "Joatisoy" {Str+4}
  5855 | D:4      | Noticed Blork the orc
  5867 | D:4      | Killed Blork the orc
  5868 | D:4      | Reached skill level 5 in Hexes
  6103 | D:5      | Found a stormy altar of Qazlal.
  6373 | D:5      | Killed from afar by an orc priest

Table legend: (Time is in decaauts)
 A = Elapsed time spent in this place.
 B = Non-inter-level travel time spent in this place.
 C = Inter-level travel time spent in this place.
 D = Time resting spent in this place.
 E = Time spent auto-exploring this place.
 F = Levels seen in this place.
 G = Mean time per level.
                   A        B        C        D        E       F      G
               +--------+--------+--------+--------+--------+-----+--------+
         Total |   6378 |   6200 |    178 |   2555 |   2683 |   5 | 1275.6 |
       Dungeon |   6378 |   6200 |    178 |   2555 |   2683 |   5 | 1275.6 |
               +--------+--------+--------+--------+--------+-----+--------+

Top non-repeatable levels by time:
     D:2: 1979 daAuts
     D:1: 1747 daAuts
     D:3: 1271 daAuts
     D:4: 1085 daAuts
     D:5: 294 daAuts

Table legend:
 A = Kills in this place as a percentage of kills in entire the game.
 B = Kills by you in this place as a percentage of kills by you in the entire game.
 C = Kills by friends in this place as a percentage of kills by friends in the entire game.
 D = Other kills in this place as a percentage of other kills in the entire game.
 E = Experience gained in this place as a percentage of experience gained in the entire game.
 F = Experience gained in this place divided by the number of levels of this place that you have seen.
                   A       B       C       D       E      F
               +-------+-------+-------+-------+-------+----------------------
         Total | 100.0 | 100.0 |   N/A |   N/A | 100.0 | 195.6
       Dungeon | 100.0 | 100.0 |   N/A |   N/A | 100.0 | 195.6
               +-------+-------+-------+-------+-------+----------------------

Action                   |  1- 3 |  4- 6 |  7- 9 || total
-------------------------+-------+-------+-------++-------
Melee: Dagger            |    73 |       |       ||    73
       Constrict         |    20 |    16 |     5 ||    41
       Tentacles         |    10 |    13 |     4 ||    27
       Short sword       |     7 |    89 |    21 ||   117
 Cast: Corona            |     1 |       |       ||     1
       Ensorcelled Hiber |       |     7 |     1 ||     8
  Use: Potion            |       |     1 |       ||     1
       Scroll            |       |       |     4 ||     4
 Stab: Sleeping          |     7 |    12 |     1 ||    20
Armor: Skin              |     7 |     1 |       ||     8
Dodge: Dodged            |    47 |    56 |    14 ||   117

Vanquished Creatures
  Edmund (D:3)
  A kobold brigand (D:3)
  Blork the orc (D:4)
  2 scorpions
  An orc priest (D:2)
  3 hounds
  2 orc wizards
  3 gnolls
  6 adders
  2 dart slugs (D:1)
  3 orcs
  4 ball pythons
  9 endoplasms
  3 giant cockroaches
  5 goblins
  8 hobgoblins
  5 bats
  4 frilled lizards
  9 kobolds
  3 rats
75 creatures vanquished.
